AoeStats
← nidia.arfanotti

Arena

510038240Analyzed
2v2 RM · 3d ago on Sep 29, 2026· 32m 55s· 4 players
Game mode
Random Map
Map size
Medium (4 player)
Population
200
Speed
Normal
Resources
Standard
Victory
Conquest
Starting age
Dark Age
Ending age
Imperial Age
RankedLock teamsTeams togetherTeam positionsShared explorationLock speedFull tech treeHidden civsTurbo modeCheats
Victory
Defeat
🇺🇸 Japanese · United States
915
+16
🇺🇸 Celts · United States
872
+17
🇦🇷 Khmer · Argentina
907
-48
🇦🇷 Spanish · Argentina
897
-16
kimp
11:42 Feudal Age
12:08 Double-Bit Axe
12:05 Horse Collar
13:52 Loom
18:42 Castle Age
19:36 Wheelbarrow
18:31 Man-at-Arms
19:34 Heavy Plow
19:47 Bow Saw
19:49 Long Swordsman
20:15 Gambesons
23:09 Squires
22:29 Pikeman
25:03 Gold Mining
25:04 Stone Mining
26:44 Scale Mail Armor
26:54 Forging
29:25 Iron Casting
31:22 Chain Mail Armor
31:57 Scale Barding Armor
35:24 Imperial Age
一把菜刀
0:55 Loom
14:13 Feudal Age
19:31 Castle Age
19:07 Horse Collar
19:16 Double-Bit Axe
20:40 Stone Mining
21:07 Pikeman
23:02 Wheelbarrow
22:43 Town Watch
xxxsoniicoxxx
10:48 Feudal Age
9:53 Loom
15:26 Castle Age
13:50 Loom
13:51 Town Watch
25:39 Husbandry
30:36 Pikeman
31:16 Squires
nidia.arfanotti
6:02 Loom
13:36 Feudal Age
14:56 Wheelbarrow
14:07 Town Watch
19:39 Castle Age
18:20 Wheelbarrow
17:30 Town Watch
19:10 Stone Mining
19:14 Gold Mining
19:36 Scale Barding Armor
19:33 Padded Archer Armor
20:34 Horse Collar
22:48 Stone Shaft Mining
22:58 Gold Shaft Mining
24:15 Forging
24:22 Leather Archer Armor
24:08 Scale Mail Armor
25:48 Iron Casting
25:03 Fletching
25:54 Double-Bit Axe
26:48 Heavy Plow
Connection lost

Rejoining the realm…

Still unreachable

The connection could not be restored.

Session expired

The server has moved on; the page needs a fresh start.